 Dungeon Crawl Stone Soup version 0.24-a0-244-ga6a6ab7d13 (webtiles) character file.

Game seed: 18101119588848935347

107 Redear the Charmwright (level 4, 0/23 HPs)
             Began as a Vine Stalker Skald on Apr 10, 2019.
             Slain by Sigmund
             ... wielding a +0 scythe
              (6 damage)
             ... on level 2 of the Dungeon.
             The game lasted 00:04:58 (1422 turns).

Redear the Charmwright (Vine Stalker Skald)         Turns: 1422, Time: 00:04:58

Health: 0/23       AC:  3    Str: 14    XL:     4   Next: 85%
Magic:  0/8        EV: 12    Int: 13    God:
Gold:   36         SH:  0    Dex: 14    Spells: 6/7 levels left

rFire    . . .     SeeInvis .   a - +0 falchion
rCold    . . .     Gourm    .   (no shield)
rNeg     . . .     Faith    .   b - +0 leather armour
rPois    .         Spirit   +   i - +0 hat
rElec    .         Reflect  .   (no cloak)
rCorr    .         Harm     .   (no gloves)
MR       .....                  (no boots)
Stlth    +.........             (no amulet)
HPRegen  0.47/turn              (no ring)
MPRegen  0.11/turn              (no ring)

@: infused
A: fangs 2, regeneration 1, magic shield, antimagic bite, no potion heal 3, rot
immunity
a: no special abilities


You were on level 2 of the Dungeon.
You were not hungry.

You visited 1 branch of the dungeon, and saw 2 of its levels.

You collected 36 gold pieces.

Inventory:

Hand Weapons
 a - a +0 falchion (weapon)
 e - a +2 vampiric dagger {!w}
Armour
 b - a +0 leather armour (worn)
 g - a +2 chain mail of poison resistance {rPois}
 i - a +0 hat (worn)
Scrolls
 c - a scroll of remove curse {unknown}
 f - a scroll of teleportation {unknown}
 h - a scroll of enchant armour {unknown}
Potions
 d - 2 potions of curing {unknown}
Comestibles
 z - 2 rations


   Skills:
 + Level 2.9 Fighting
 + Level 2.8 Long Blades
 - Level 0.7 Armour
 + Level 2.6 Dodging
 - Level 2.1 Spellcasting
 - Level 3.0 Charms


You had 6 spell levels left.
You knew the following spells:

 Your Spells              Type           Power        Failure   Level  Hunger
z - Infusion              Chrm           #...         10%         1    ##.....

Your spell library contained the following spells:

 Spells                   Type           Power        Failure   Level  Hunger
 Song of Slaying          Chrm           #.......     14%         2    ###....
 Shroud of Golubria       Chrm/Tloc      #.........   26%         2    ###....
 Regeneration             Chrm/Necr      #.........   45%         3    ####...
 Spectral Weapon          Hex/Chrm       #.......     45%         3    ####...


Dungeon Overview and Level Annotations

Branches:
Dungeon (2/15)

Altars:

Annotations:
D:2 Sigmund


Innate Abilities, Weirdness & Mutations

You have extremely sharp teeth.
Your natural rate of healing is unusually fast.
When hurt, damage is shared between your health and your magic reserves.
Your bite disrupts and absorbs the magic of your enemies.
Potions cannot restore your health.
You are immune to rotting.


Message History

You take 4 damage, and have 13/23 hp.
You now have 3/8 mp.
You barely miss something. You bite something. You drain its magic.
You feel invigorated. Something barely misses you.
You regained 2 mp, and now have 5/8 mp.
You miss something. You bite something. You drain its magic.
You feel invigorated.
MP restored: 8 Your leather armour prevents you from hitting something.
Your bite misses something. Something hits you!
You take 5 damage, and have 9/23 hp.
MASSIVE DAMAGE!!
You now have 6/8 mp.
You hit something. Something hits you.
You take 2 damage, and have 7/23 hp.
You now have 3/8 mp.
You barely miss something. Your bite misses something.
Something hits you but does no damage.
You closely miss something. You bite something. You drain its magic.
You feel invigorated. Something hits you.
* * * LOW HITPOINT WARNING * * *
You take 1 damage, and have 6/23 hp.
You regained 3 mp, and now have 6/8 mp.
You miss something. Your bite misses something. Something hits you!
You die...

####.# #...# ####.###.## .....#
#>..# #.......#.## ###### #.[.#
#.##.#.###.## .# #...# #.##..##
##.## '###########.### #.##.##
##.# .......##......#####.###.##
##.#.
.......##.#..#.#.......##.###...#
.......##....#.#.###.......#.####
#......#.......#@# ###.####.##
.##....##....#.#{# #.# ###
..#....#.........# .#
#..#...+.#.#@##### # ..#....# #.
.##....# .. #......# ... ..†....#
w@.. ÷......##.K..


There were no monsters in sight!

Vanquished Creatures
  Terence (D:2)
  2 adders (D:2)
  An ooze (D:2)
  3 worms (D:2)
  2 dart slugs (D:2)
  2 leopard geckos (D:2)
  3 giant cockroaches
  4 goblins
  2 hobgoblins
  7 jackals (D:2)
  A quokka (D:2)
  6 bats
  5 kobolds
  7 rats
46 creatures vanquished.

Notes
Turn   | Place    | Note
-------+----------+-------------------------------------------
     0 | D:1      | Redear the Vine Stalker Skald began the quest for the Orb.
     0 | D:1      | Reached XP level 1. HP: 11/11 MP: 4/4
   225 | D:1      | Reached skill level 2 in Fighting
   225 | D:1      | Reached skill level 2 in Long Blades
   226 | D:1      | Reached XP level 2. HP: 13/15 MP: 6/6
   254 | D:1      | You fall through a shaft!
   297 | D:2      | Reached skill level 2 in Dodging
   548 | D:2      | Reached XP level 3. HP: 16/18 MP: 7/7
   564 | D:2      | Noticed Terence
  1083 | D:2      | Killed Terence
  1083 | D:2      | Gained mutation: Your natural rate of healing is unusually
                  | fast. [Vine Stalker growth]
  1083 | D:2      | Reached XP level 4. HP: 23/23 MP: 8/8
  1402 | D:2      | Noticed Sigmund
  1422 | D:2      | Slain by Sigmund

Levels and vault maps discovered:
D:1:      dpeg_arrival_round_b, layout_loops_corners, minmay_tripent
D:2:      layout_loops_cross, minmay_misc_feat_five, kennysheep_generic_room_2,
          uniq_terence, uniq_sigmund

Skill      XL: |  1  2 |
---------------+-------+-----
Fighting       | 2 |  2.9
Long Blades    | 2 |  2.8
Dodging        | 2 |  2.6
Armour         | |  0.7
Spellcasting   | |  2.1
Charms         | |  3.0

Action                   |  1- 3 |  4- 6 || total
-------------------------+-------+-------++-------
Melee: Falchion          |   102 |    49 ||   151
       Bite              |    33 |    19 ||    52
 Cast: Infusion          |     1 |     4 ||     5
  Eat: Chunk             |     1 |     1 ||     2
Armor: Leather armour    |    28 |    14 ||    42
Dodge: Dodged            |    87 |    28 ||   115
       Rpst.: Falchion   |    27 |     6 ||    33

Table legend:
 A = Non-vault XP
 B = Vault XP
 C = Vault XP percentage of total XP
 D = Non-vault monster count
 E = Vault monster count
 F = Vault count percentage of total count
                 A         B        C        D         E       F
            +---------+---------+-------+---------+---------+-------
      Total |     111 |      42 |  27.5 |      42 |       4 |   8.7
            +---------+---------+-------+---------+---------+-------
        D:1 |       9 |       4 |  30.8 |       7 |       2 |  22.2
        D:2 |     102 |      38 |  27.1 |      35 |       2 |   5.4
            +---------+---------+-------+---------+---------+-------
